 Dungeon Crawl Stone Soup version 0.30-a0-953-g5f1da4a474 (webtiles) character file.

Game seed: 4138063492370886114

433 Jeffwins the Cudgeller (level 7, -1/52 HPs)
             Began as a Human Wanderer on Mar 29, 2023.
             Slain by an iguana (3 damage)
             ... on level 4 of the Dungeon.
             The game lasted 00:05:30 (3802 turns).

Jeffwins the Cudgeller (Human Wanderer)             Turns: 3802, Time: 00:05:31

Health: -1/52      AC:  7    Str: 14    XL:     7   Next: 20%
Magic:  10/10      EV:  9    Int: 16    God:
Gold:   188        SH:  0    Dex:  9    Spells: 4/10 levels left

rFire   + . .      SeeInvis .    m - +1 falchion (elec)
rCold   . . .      Faith    .    j - orb {*Rage}
rNeg    . . .      Spirit   .    b - +0 scale mail
rPois   .          Reflect  .    q - +0 helmet
rElec   .          Rampage  .    (no cloak)
rCorr   .          Rage     20%  (no gloves)
Will    .....                    (no boots) Stlth
                                 (no amulet)
HPRegen 0.28/turn                (no ring)
MPRegen 0.12/turn                (no ring)

@: attractive
A: fire resistance 1
a: no special abilities


You were on level 4 of the Dungeon.
You visited 1 branch of the dungeon, and saw 5 of its levels.

You collected 188 gold pieces.


Innate Abilities, Weirdness & Mutations

Your flesh is heat resistant. (rF+)


   Skills:
 - Level 3.0 Fighting
 * Level 2.5 Long Blades
 * Level 3.8 Maces & Flails
 + Level 2.2 Throwing
 - Level 1.0 Armour
 - Level 1.0 Dodging
 + Level 1.1 Stealth
 * Level 2.1 Spellcasting
 * Level 2.4 Conjurations
 * Level 2.0 Fire Magic
 - Level 2.0 Air Magic


You had 4 spell levels left.
You knew the following spells:

 Your Spells              Type           Power      Damage    Failure   Level
y - Sticky Flame          Conj/Fire      8%         2d3       98%         4
z - Foxfire               Conj/Fire      32%        2x1d3     34%         1
X - Shock                 Conj/Air       32%        1d5       34%         1

Your spell library contained the following spells:

 Spells                   Type           Power      Damage    Failure   Level
 Swiftness                Air            8%         N/A       75%         3
 Inner Flame              Hex/Fire       5%         N/A       87%         3
 Vhi's Electric Charge    Tloc/Air       8%         N/A       87%         3
 Flame Wave               Conj/Fire      8%         2d5       98%         4
 Fireball                 Conj/Fire      4%         3d4       100%        5
 Summon Forest            Summ/Tloc      0%         N/A       100%        5
 Eringya's Noxious Bog    Tmut/Pois      0%         N/A       100%        6
 Starburst                Conj/Fire      4%         6d3       100%        6
 Summon Hydra             Summ           0%         N/A       100%        7

Inventory:

Hand Weapons
 a - a +0 mace
 k - a +0 whip
 m - a +1 falchion of electrocution (weapon)
Missiles
 f - 5 poisoned darts
Armour
 b - a +0 scale mail (worn)
 j - an orb of wrath (worn)
 q - a +0 helmet (worn)
Scrolls
 c - a scroll of blinking
 d - 2 scrolls of teleportation {@r4}
 i - a scroll of brand weapon {unknown}
 o - 3 scrolls of magic mapping {unknown}
 s - 2 scrolls of amnesia {unknown}
 t - a scroll of enchant weapon {unknown}
 v - a scroll of identify {unknown}
 w - a scroll of fear {unknown}
 x - a scroll of fog {unknown}
Potions
 e - 3 potions of curing {@q1}
 g - a potion of ambrosia
 h - a potion of attraction {!q}
 l - 2 potions of mutation {!q}
 n - 2 potions of haste {unknown}
 p - 2 potions of berserk rage {unknown}
 r - a potion of degeneration {unknown}
 u - a potion of brilliance {unknown}

Dungeon Overview and Level Annotations

Branches:
Dungeon (5/15)
 Temple: D:4-7

Altars:
Dithmenos
Elyvilon
Fedhas
Sif Muna

Shops:
D:2

*
.##..##.##.#..##.##..>.......#..#
.##..............##.###.#........
.###....##.###...##.###.#..#.#..#
.# #.##.......................)..
.# #.#####.###...#.#...........##
.# #.............>...............
.# #.#####.###.#g..............##
.# #.# #.# #.#l###.####..#...# .#
#.# #.# #.#@# #.# #..#...#
.#########.###.#.# #.# #..#...#
...............### #.# ##.#...#
##########.###.# #.# #.#...# #.#
#.# #.# #.#...## #.###.#####.#
#....... #...........# #.#.#)##
#####.###########.#.#.#
#...............#.#


You could see an iguana and a gnoll.


Message History

Unknown command.
You feel better. The gnoll closely misses you. The iguana barely misses you.
It was a potion of attraction.
You feel attractive to monsters. The gnoll barely misses you.
The iguana barely misses you.
Unknown command.
Okay, then.
The gnoll barely misses you. The iguana completely misses you.
You climb upwards.
There is a stone staircase leading down here.
Unknown command.
Unknown command.
The gnoll barely misses you. The gnoll completely misses you.
You hit the iguana.
The iguana is lightly wounded.
The iguana bites you!
* * * LOW HITPOINT WARNING * * *
The iguana bites you but does no damage.
You hit the iguana but do no damage.
The iguana is lightly wounded.
The iguana bites you but does no damage.
You closely miss the iguana.
The iguana is lightly wounded.
The iguana bites you.
* * * LOW HITPOINT WARNING * * *
You hit the iguana.
The iguana is moderately wounded.
The iguana bites you.
You die...

Skill      XL: |  1  2  3  4  5  6  7 |
---------------+----------------------+-----
Maces & Flails | 2 3 |  3.8
Long Blades    | 1 2 |  2.5
Conjurations   | 1 2 |  2.4
Fire Magic     | 1 2 |  2.0
Throwing       | 2 |  2.2
Stealth        | 1 |  1.1
Spellcasting   | 2 |  2.1
Fighting       | |  3.0
Armour         | |  1.0
Dodging        | |  1.0
Air Magic      | |  2.0

Action                     |  1- 3 |  4- 6 |  7- 9 || total
---------------------------+-------+-------+-------++-------
  Melee: Mace              |    32 |       |       ||    32
         Whip              |     9 |       |       ||     9
         Punch             |     1 |       |       ||     1
         Falchion          |    47 |    95 |    22 ||   164
    Use: Potion            |       |     3 |     2 ||     5
         Scroll            |       |     2 |       ||     2
 Armour: Scale mail        |    40 |    49 |     5 ||    94
  Dodge: Dodged            |    50 |    67 |    19 ||   136

Levels and vault maps discovered:
D:1:      amcnicky_arrival_gap_in_the_tavern_cellar, layout_loops_ring,
          serial_rivers, chequers_serial_rivers_large_b,
          chequers_serial_rivers_small_a, chequers_serial_rivers_small_a,
          chequers_serial_rivers_small_b, chequers_serial_rivers_small_3
D:2:      layout_loops_corners, basic_altar, serial_shops, shop_fountains,
          minmay_octomino_e4
D:3:      layout_basic, lemuel_crystal_altar,
          mainiacjoe_overflow_six_doors_small, mrwooster_statue_mirror,
          grunt_ministairs_8
D:4:      layout_basic, elyvilon_altar_4
D:5:      layout_gridville, nicolae_uskayaw_murder_on_the_dancefloor,
          minmay_chambers_of_fives, uniq_prince_ribbit1, uniq_pikel

Notes
Turn   | Place    | Note
-------+----------+-------------------------------------------
     0 | D:1      | Jeffwins the Human Wanderer began the quest for the Orb.
     0 | D:1      | Jeffwins set off with the following items: a +0 mace, a +0
                  | scale mail, a scroll of blinking; and the following spell
                  | memorised: Shock; and the following spells available to
                  | memorise: Swiftness, Vhi's Electric Charge.
     0 | D:1      | Reached XP level 1. HP: 18/18 MP: 2/2
   207 | D:1      | Reached skill level 2 in Maces & Flails
   207 | D:1      | Reached XP level 2. HP: 24/24 MP: 3/3
   811 | D:1      | Reached XP level 3. HP: 29/29 MP: 4/4
  1286 | D:2      | Found a blossoming altar of Fedhas.
  1691 | D:2      | Found Upylak's Assorted Antiques.
  1847 | D:3      | Reached skill level 1 in Long Blades
  1847 | D:3      | Reached skill level 3 in Maces & Flails
  1853 | D:3      | Reached XP level 4. HP: 35/35 MP: 5/5
  1914 | D:3      | Learned a level 4 spell: Sticky Flame
  1997 | D:3      | Gained mutation: Your flesh is heat resistant. (rF+)
                  | [potion of mutation]
  2160 | D:3      | Reached XP level 5. HP: 41/41 MP: 6/6
  2229 | D:3      | Found a shadowy altar of Dithmenos.
  2509 | D:3      | Found a shimmering blue altar of Sif Muna.
  2554 | D:3      | Reached skill level 1 in Conjurations
  2565 | D:3      | Learned a level 1 spell: Foxfire
  2716 | D:4      | Reached skill level 1 in Fire Magic
  2802 | D:4      | Noticed an ogre
  2822 | D:4      | HP: 3/41 [ogre/+0 giant club (13)]
  3111 | D:4      | Killed an ogre
  3112 | D:4      | Reached skill level 2 in Long Blades
  3112 | D:4      | Reached XP level 6. HP: 25/47 MP: 8/8
  3115 | D:4      | Reached skill level 2 in Throwing
  3267 | D:4      | Found a white marble altar of Elyvilon.
  3302 | D:4      | Noticed a steam dragon
  3315 | D:4      | Killed a steam dragon
  3316 | D:4      | Reached skill level 1 in Stealth
  3316 | D:4      | Reached skill level 2 in Spellcasting
  3316 | D:4      | Reached skill level 2 in Conjurations
  3316 | D:4      | Reached XP level 7. HP: 47/52 MP: 8/10
  3518 | D:4      | Reached skill level 2 in Fire Magic
  3779 | D:5      | Entered Level 5 of the Dungeon
  3791 | D:5      | HP: 3/52 [iguana (11)]
  3799 | D:4      | HP: 5/52 [iguana (11)]
  3801 | D:4      | HP: 2/52 [iguana (4)]
  3802 | D:4      | Slain by an iguana

Vanquished Creatures
  A steam dragon (D:4)
  An ogre (D:4)
  A jelly (D:4)
  An iguana (D:3)
  4 gnolls
  5 adders
  A worm (D:4)
  3 dart slugs (D:1)
  2 orcs (D:3)
  4 bats
  4 endoplasms
  A giant cockroach (D:1)
  9 goblins
  3 hobgoblins
  2 jackals (D:3)
  6 kobolds
  2 quokkas
  3 ball pythons
  6 frilled lizards
  3 rats
62 creatures vanquished.

Table legend: (Time is in decaauts)
 A = Elapsed time spent in this place.
 B = Non-inter-level travel time spent in this place.
 C = Inter-level travel time spent in this place.
 D = Time resting spent in this place.
 E = Time spent auto-exploring this place.
 F = Levels seen in this place.
 G = Mean time per level.
                   A        B        C        D        E       F      G
               +--------+--------+--------+--------+--------+-----+--------+
         Total |   4049 |   3971 |     78 |    273 |   3043 |   5 |  809.8 |
       Dungeon |   4049 |   3971 |     78 |    273 |   3043 |   5 |  809.8 |
               +--------+--------+--------+--------+--------+-----+--------+

Top non-repeatable levels by time:
     D:4: 1216 daAuts
     D:1: 983 daAuts
     D:2: 974 daAuts
     D:3: 857 daAuts
     D:5: 17 daAuts

Table legend:
 A = Non-vault XP
 B = Vault XP
 C = Vault XP percentage of total XP
 D = Non-vault monster count
 E = Vault monster count
 F = Vault count percentage of total count
                 A         B        C        D         E       F
            +---------+---------+-------+---------+---------+-------
      Total |     598 |      21 |   3.4 |      56 |       6 |   9.7
            +---------+---------+-------+---------+---------+-------
        D:1 |      32 |       0 |   0.0 |      16 |       0 |   0.0
        D:2 |      15 |      18 |  54.5 |       9 |       4 |  30.8
        D:3 |     116 |       3 |   2.5 |      17 |       2 |  10.5
        D:4 |     406 |       0 |   0.0 |      12 |       0 |   0.0
        D:5 |      29 |       0 |   0.0 |       2 |       0 |   0.0
            +---------+---------+-------+---------+---------+-------
